 Dungeon Crawl Stone Soup version 0.31-a0-237-g2d982f9f85 (webtiles) character file.

Game seed: 3966163130089043075

59 qw the Shooter (level 4, -3/26 HPs)
             Began as a Gargoyle Hexslinger on July 11, 2023.
             Killed from afar by Ijyb (17 damage)
             ... with a bolt of dispelling energy
             ... on level 3 of the Dungeon.
             The game lasted 00:00:33 (1561 turns).

qw the Shooter (Gargoyle Hexslinger)                Turns: 1561, Time: 00:00:33

Health: -3/26      AC:  5    Str: 12    XL:     4   Next: 3%
Magic:  5/5        EV: 12    Int: 13    God:
Gold:   88         SH:  0    Dex: 14    Spells: 4/5 levels left

rFire   . . .        Y - +1 sling
rCold   . . .        (no shield)
rNeg    + . .        c - +0 robe
rPois   inf          (no helmet)
rElec   +            (no cloak)
rCorr   .            (no gloves)
SInv    .            (no boots)
Will    .....        (no amulet)
Stlth   +            (no ring)
HPRegen 0.24/turn    (no ring)
MPRegen 0.09/turn

%: no passive effects
@: no status effects
A: sickness immunity, AC +3, negative energy resistance 1, electricity
resistance, torment resistance 1, petrification resistance
a: no special abilities


You were on level 3 of the Dungeon.
You visited 1 branch of the dungeon, and saw 3 of its levels.

You collected 88 gold pieces.


Innate Abilities, Weirdness & Mutations

You are immune to sickness and miasma.
Your stone body is resilient. (AC +3)
You are immune to poison.
You resist negative energy. (rN+)
You are resistant to electric shocks. (rElec)
You are resistant to unholy torment.
You are immune to petrification.


   Skills:
 - Level 2.0 Fighting
 + Level 3.9 Ranged Weapons
 - Level 1.5 Dodging
 - Level 1.0 Spellcasting
 - Level 2.6 Hexes


You had 4 spell levels left.
You knew the following spells:

 Your Spells              Type           Power      Damage    Failure   Level
a - Slow                  Hex            28%        N/A       10%         1

Your spell library contained the following spells:

 Spells                   Type           Power      Damage    Failure   Level
 Inner Flame              Hex/Fire       4%         N/A       43%         3
 Portal Projectile        Hex/Tloc       8%         N/A       43%         3
 Cause Fear               Hex            3%         N/A       67%         4

Inventory:

Hand Weapons
 Y - a +1 sling (weapon)
Armour
 c - a +0 robe (worn)
Potions
 a - a potion of might
 b - a potion of lignification {unknown}
 d - a potion of brilliance {unknown}
 f - 2 potions of heal wounds
 g - a potion of curing {unknown}

Dungeon Overview and Level Annotations

Branches:
Dungeon (3/15)

Altars:

Annotations:
D:3 Ijyb


Message History

Enter note:
Enter note:
Enter note: Done exploring.
1502 ||| READING scroll labelled HAETOQ LOCLI.
As you read the scroll labelled HAETOQ LOCLI, it crumbles to dust.
Your body is wracked with pain!
It was a scroll of torment.
You start resting.
HP restored.
Done exploring.
1521 ||| DRINKING 2 viscous clear potions.
It was a potion of might.
You feel very mighty all of a sudden.
Done exploring.
1522 ||| DRINKING 2 grey potions.
It was a potion of attraction.
You feel attractive to monsters.
Done exploring.
1523 ||| DROPPING potion of attraction.
You drop a potion of attraction.
Done exploring.
(D) Dungeon
Where to? (* - list waypoints, Enter - D:2, ? - help)
What level of the Dungeon? (default 1, ? - help)
You feel less attractive to monsters.
There is an open door here.
There is a stone staircase leading down here.
You climb downwards.
Ijyb shouts!
Found a golden potion.
There is a stone staircase leading up here.
Ijyb is nearby!
Waypoint 2 assigned to D:3.
You shoot a sling bullet. The sling bullet hits Ijyb.
Ijyb is lightly wounded.
Ijyb zaps a wand.
The bolt of dispelling energy hits you!
Your magical effects are unravelling.
1561 ||| STAIRDANCE You feel a little less mighty now.
Ijyb zaps a wand.
The bolt of dispelling energy hits you!
Ouch! That really hurt!
You die...

.## #.#
..###.######
#......!...#
#..........#
#.....g....#
#..........#
#..........#
#...@.....#
#.........#
######.####
... #.# ..#
... #.


You could see Ijyb.

Vanquished Creatures
  An adder (D:2)
  A worm (D:2)
  3 dart slugs
  6 bats
  5 endoplasms
  2 giant cockroaches
  7 goblins
  A hobgoblin (D:1)
  2 ball pythons (D:2)
  2 frilled lizards
  4 kobolds
  4 rats (D:1)
38 creatures vanquished.

Notes
Turn   | Place    | Note
-------+----------+-------------------------------------------
     0 | D:1      | qw the Gargoyle Hexslinger began the quest for the Orb.
     0 | D:1      | Reached XP level 1. HP: 12/12 MP: 2/2
     0 | D:1      | 0 ||| qw: Version: 0.3-a-52-g30416fa
     0 | D:1      | 0 ||| qw: Game counter: 5426
     0 | D:1      | 0 ||| qw: Melee chars always use a shield: true
     0 | D:1      | 0 ||| qw: God list: Okawaru
     0 | D:1      | 0 ||| qw: Allow faded altars: false
     0 | D:1      | 0 ||| qw: Do Orc after clearing Dungeon:15 true
     0 | D:1      | 0 ||| qw: Do second Lair branch before Depths: true
     0 | D:1      | 0 ||| qw: Lair rune preference: random
     0 | D:1      | 0 ||| qw: Goals: Normal
     0 | D:1      | 0 ||| PLANNING D:1-11
    97 | D:1      | Reached XP level 2. HP: 16/16 MP: 3/3
    99 | D:1      | 99 ||| Stepping ~*~*~tactically~*~*~ (outnumbered).
   111 | D:1      | Reached skill level 3 in Ranged Weapons
   295 | D:1      | Reached XP level 3. HP: 21/21 MP: 4/4
   626 | D:1      | 626 ||| READING scroll labelled JIFRUTS ZIURA.
   627 | D:1      | 627 ||| DRINKING 2 clear potions.
   628 | D:1      | 628 ||| DROPPING scroll of poison.
   788 | D:2      | Found a faded altar of an unknown god.
   908 | D:2      | 908 ||| FLEEEEING.
   911 | D:2      | 911 ||| FLEEEEING.
  1212 | D:2      | Reached XP level 4. HP: 26/26 MP: 5/5
  1502 | D:2      | 1502 ||| READING scroll labelled HAETOQ LOCLI.
  1521 | D:2      | 1521 ||| DRINKING 2 viscous clear potions.
  1522 | D:2      | 1522 ||| DRINKING 2 grey potions.
  1523 | D:2      | 1523 ||| DROPPING potion of attraction.
  1559 | D:3      | Noticed Ijyb
  1561 | D:3      | 1561 ||| STAIRDANCE
  1561 | D:3      | Killed from afar by Ijyb

Levels and vault maps discovered:
D:1:      dpeg_arrival_rhombus, layout_basic
D:2:      layout_loops_corners, basic_ecumenical_altar
D:3:      layout_basic, mainiacjoe_overflow_tiny_flanked, grunt_ministairs_10,
          uniq_ijyb

Skill      XL: |  1  2 |
---------------+-------+-----
Ranged Weapons | 3 |  3.9
Fighting       | 2 |  2.0
Dodging        | |  1.5
Spellcasting   | |  1.0
Hexes          | |  2.6

Action                     |  1- 3 |  4- 6 || total
---------------------------+-------+-------++-------
   Fire: Sling             |   131 |     4 ||   135
    Use: Potion            |     1 |     2 ||     3
         Scroll            |     1 |     1 ||     2
 Armour: Robe              |    29 |       ||    29
  Dodge: Dodged            |    48 |       ||    48

Table legend:
 A = Non-vault XP
 B = Vault XP
 C = Vault XP percentage of total XP
 D = Non-vault monster count
 E = Vault monster count
 F = Vault count percentage of total count
                 A         B        C        D         E       F
            +---------+---------+-------+---------+---------+-------
      Total |      85 |       0 |   0.0 |      38 |       0 |   0.0
            +---------+---------+-------+---------+---------+-------
        D:1 |      40 |       0 |   0.0 |      23 |       0 |   0.0
        D:2 |      45 |       0 |   0.0 |      15 |       0 |   0.0
            +---------+---------+-------+---------+---------+-------
